| TOP OF THE 1ST |
|
Atlanta Braves batting - Pitching for San Francisco Giants : RHP Keith Kidd
|
|
Pitching: RHP Keith Kidd
|
|
|
Batting: RHB Liangde Li
|
0-0: Ground out 6-3 (Groundball, 6, EV 81.2 MPH)
|
|
Batting: RHB Kevin Howard
|
0-0: Ball 1-0: Ball 2-0: Called Strike 2-1: SOLO HOME RUN (Flyball, 78XD, EV 108.8 MPH), Distance : 432 ft
|
|
Batting: RHB David Casas
|
0-0: Foul Ball, location: 2F 0-1: Ball 1-1: Ball 2-1: Ground out 6-3 (Groundball, 6, EV 105.6 MPH)
|
|
Batting: LHB Erik Gretzky
|
0-0: Ball 1-0: Ball 2-0: Ball 3-0: Swinging Strike 3-1: Foul Ball, location: 2F 3-2: Base on Balls
|
|
Batting: RHB Ike Trout
|
0-0: Called Strike 0-1: Ball 1-1: Foul Ball, location: 2F 1-2: Fly out, F7 (Flyball, 78M, EV 98.1 MPH)
|
| Top of the 1st over - 1 run, 1 hit, 0 errors, 1 left on base; Atlanta 1 - San Francisco 0 |
| BOTTOM OF THE 1ST |
|
San Francisco Giants batting - Pitching for Atlanta Braves : RHP Jeremy Kasten
|
|
Pitching: RHP Jeremy Kasten
|
|
|
Batting: RHB Nick Rigden
|
0-0: Ball 1-0: Ball 2-0: SINGLE (Line Drive, 8LS, EV 111.9 MPH)
|
|
Batting: SHB Ryan Doss
|
0-0: Called Strike 0-1: Fielders Choice at 2nd, 4-6 (Groundball, 4D, EV 109.4 MPH)
|
|
Batting: RHB Sean Zielinski
|
0-0: Foul Ball, location: 2F 0-1: Ball 1-1: Ball 2-1: Called Strike 2-2: Grounds into double play, 6-4-3 (Groundball, 56, EV 88.8 MPH)
|
| Bottom of the 1st over - 0 runs, 1 hit, 0 errors, 0 left on base; Atlanta 1 - San Francisco 0 |
| TOP OF THE 2ND |
|
Atlanta Braves batting - Pitching for San Francisco Giants : RHP Keith Kidd
|
|
Batting: LHB Luis Magdaleno
|
0-0: Swinging Strike 0-1: Foul Ball, location: 2F 0-2: Foul Ball, location: 2F 0-2: Strikes out swinging
|
|
Batting: RHB J.J. Powers
|
0-0: Ball 1-0: Ball 2-0: Ball 3-0: Called Strike 3-1: Base on Balls
|
|
Batting: RHB Xavier Davis
|
0-0: Ball J.J. Powers is caught stealing 2nd base 2-4 1-0: Swinging Strike 1-1: Called Strike 1-2: Ground out 6-3 (Groundball, 6M, EV 103.8 MPH)
|
| Top of the 2nd over - 0 runs, 0 hits, 0 errors, 0 left on base; Atlanta 1 - San Francisco 0 |
| BOTTOM OF THE 2ND |
|
San Francisco Giants batting - Pitching for Atlanta Braves : RHP Jeremy Kasten
|
|
Batting: LHB Jack Henningar
|
0-0: Ball 1-0: Foul Ball, location: 2F 1-1: Ball 2-1: Called Strike 2-2: Foul Ball, location: 2F 2-2: Foul Ball, location: 2F 2-2: SINGLE (Groundball, 3D, EV 99.4 MPH)
|
|
Batting: LHB Carey Horncole
|
0-0: Ball 1-0: Called Strike 1-1: Ball 2-1: Ball 3-1: SINGLE (Groundball, 34D, EV 107.5 MPH) Jack Henningar to second Runner from 2nd tries for 3rd, SAFE, throw by RF made at trailing runner, OUT! 9-6
|
|
Batting: SHB Bill Dooms
|
0-0: Called Strike 0-1: Fly out, F9 (Flyball, 89M, EV 93.8 MPH) Runner from 3rd tags up, SCORES, throw by RF
|
|
Batting: RHB Nate Hodson
|
0-0: Swinging Strike 0-1: Ball 1-1: Called Strike 1-2: Ball 2-2: Foul Ball, location: 2F 2-2: Ball 3-2: Strikes out swinging
|
| Bottom of the 2nd over - 1 run, 2 hits, 0 errors, 0 left on base; Atlanta 1 - San Francisco 1 |
| TOP OF THE 3RD |
|
Atlanta Braves batting - Pitching for San Francisco Giants : RHP Keith Kidd
|
|
Batting: RHB Tade Post
|
0-0: Ball 1-0: Ball 2-0: Swinging Strike 2-1: Ball 3-1: Swinging Strike 3-2: Base on Balls
|
|
Batting: RHB Liangde Li
|
0-0: Foul Ball, location: 2F 0-1: Ball 1-1: Called Strike Tade Post steals 2nd base (no throw) 1-2: Ball 2-2: Ball 3-2: Ground out 5-3 (Groundball, 56, EV 78.8 MPH)
|
|
Batting: RHB Kevin Howard
|
0-0: Called Strike 0-1: Foul Ball, location: 2F 0-2: Ball 1-2: Ball 2-2: Foul Ball, location: 2F 2-2: Foul Ball, location: 2F 2-2: Ground out 5-3 (Groundball, 56, EV 101.9 MPH)
|
|
Batting: RHB David Casas
|
0-0: Ball 1-0: Called Strike 1-1: Fly out, F8 (Line Drive, 89M, EV 107.5 MPH)
|
| Top of the 3rd over - 0 runs, 0 hits, 0 errors, 1 left on base; Atlanta 1 - San Francisco 1 |
| BOTTOM OF THE 3RD |
|
San Francisco Giants batting - Pitching for Atlanta Braves : RHP Jeremy Kasten
|
|
Batting: RHB Bill Defazio
|
0-0: Foul Ball, location: 2F 0-1: Called Strike 0-2: Strikes out swinging
|
|
Batting: RHB Cesar Martinez
|
0-0: Ball 1-0: Ball 2-0: Ball 3-0: Base on Balls
|
|
Batting: RHB Nick Rigden
|
0-0: Ground out 6-3 (Groundball, 6S, EV 66.9 MPH) Cesar Martinez to second
|
|
Batting: SHB Ryan Doss
|
0-0: Ground out U3 (Groundball, 3S, EV 63.8 MPH)
|
| Bottom of the 3rd over - 0 runs, 0 hits, 0 errors, 1 left on base; Atlanta 1 - San Francisco 1 |
| TOP OF THE 4TH |
|
Atlanta Braves batting - Pitching for San Francisco Giants : RHP Keith Kidd
|
|
Batting: LHB Erik Gretzky
|
0-0: Foul Ball, location: 2F 0-1: Called Strike 0-2: Ball 1-2: Foul Ball, location: 2F 1-2: Foul Ball, location: 2F 1-2: Ground out 5-3 (Groundball, 6S, EV 68.1 MPH)
|
|
Batting: RHB Ike Trout
|
0-0: Fly out, F8 (Flyball, 89S, EV 90.6 MPH)
|
|
Batting: LHB Luis Magdaleno
|
0-0: Ball 1-0: Swinging Strike 1-1: Fly out, F9 (Line Drive, 9S, EV 94.4 MPH)
|
| Top of the 4th over - 0 runs, 0 hits, 0 errors, 0 left on base; Atlanta 1 - San Francisco 1 |
| BOTTOM OF THE 4TH |
|
San Francisco Giants batting - Pitching for Atlanta Braves : RHP Jeremy Kasten
|
|
Batting: RHB Sean Zielinski
|
0-0: Called Strike 0-1: Ball 1-1: Foul Ball, location: 2F 1-2: SINGLE (Groundball, 4MD, EV 99.4 MPH)
|
|
Batting: LHB Jack Henningar
|
0-0: Ball 1-0: Ball 2-0: Called Strike 2-1: Ball 3-1: Base on Balls Sean Zielinski to second
|
|
Batting: LHB Carey Horncole
|
0-0: Ball 1-0: 3-RUN HOME RUN (Flyball, 9D, EV 100.6 MPH), Distance : 375 ft
|
|
Batting: SHB Bill Dooms
|
0-0: Ball 1-0: Fly out, F7 (Line Drive, 78M, EV 93.8 MPH)
|
|
Batting: RHB Nate Hodson
|
0-0: Ball 1-0: Foul Ball, location: 2F 1-1: Ball 2-1: Foul Ball, location: 2F 2-2: SINGLE (Groundball, 6MS, EV 68.1 MPH) (infield hit)
|
|
Batting: RHB Bill Defazio
|
0-0: Called Strike 0-1: Called Strike Nate Hodson steals 2nd base (no throw) 0-2: Ground out 3-1 (Groundball, 34, EV 91.2 MPH) Nate Hodson to third
|
|
Batting: RHB Cesar Martinez
|
0-0: SINGLE (Groundball, 6MD, EV 101.2 MPH) Nate Hodson scores
|
|
Pitching: RHP Tim Kull
|
|
|
Batting: RHB Nick Rigden
|
0-0: Called Strike Cesar Martinez steals 2nd base 0-1: Ball 1-1: Ball 2-1: 2-RUN HOME RUN (Flyball, 7LD, EV 94.4 MPH), Distance : 367 ft
|
|
Batting: SHB Ryan Doss
|
0-0: Fly out, F9 (Line Drive, 89M, EV 97.5 MPH)
|
| Bottom of the 4th over - 6 runs, 5 hits, 0 errors, 0 left on base; Atlanta 1 - San Francisco 7 |
| TOP OF THE 5TH |
|
Atlanta Braves batting - Pitching for San Francisco Giants : RHP Keith Kidd
|
|
Batting: RHB J.J. Powers
|
0-0: Called Strike 0-1: Ball 1-1: Swinging Strike 1-2: Ball 2-2: Strikes out swinging
|
|
Batting: RHB Xavier Davis
|
0-0: Ball 1-0: Fly out, F4 (Popup, 23, EV 90.0 MPH)
|
|
Batting: RHB Tade Post
|
0-0: DOUBLE (Line Drive, 89D, EV 93.8 MPH)
|
|
Batting: RHB Liangde Li
|
0-0: Fly out, F9 (Flyball, 9LS, EV 89.4 MPH)
|
| Top of the 5th over - 0 runs, 1 hit, 0 errors, 1 left on base; Atlanta 1 - San Francisco 7 |
| BOTTOM OF THE 5TH |
|
San Francisco Giants batting - Pitching for Atlanta Braves : RHP Tim Kull
|
|
Batting: RHB Sean Zielinski
|
0-0: Swinging Strike 0-1: Ball 1-1: Ball 2-1: Foul Ball, location: 2F 2-2: Ball 3-2: Strikes out swinging
|
|
Batting: LHB Jack Henningar
|
0-0: Called Strike 0-1: SINGLE (Groundball, 4MD, EV 96.9 MPH)
|
|
Batting: LHB Carey Horncole
|
0-0: Called Strike Jack Henningar steals 2nd base (no throw) 0-1: Ball 1-1: Called Strike 1-2: Strikes out swinging
|
|
Batting: SHB Bill Dooms
|
0-0: Ground out 4-3 (Groundball, 34, EV 103.1 MPH)
|
| Bottom of the 5th over - 0 runs, 1 hit, 0 errors, 1 left on base; Atlanta 1 - San Francisco 7 |
| TOP OF THE 6TH |
|
Atlanta Braves batting - Pitching for San Francisco Giants : RHP Keith Kidd
|
|
Batting: RHB Kevin Howard
|
0-0: Ball 1-0: Swinging Strike 1-1: Called Strike 1-2: Strikes out swinging
|
|
Batting: RHB David Casas
|
0-0: Ball 1-0: Ball 2-0: Fly out, F9 (Line Drive, 9LM, EV 94.4 MPH)
|
|
Batting: LHB Erik Gretzky
|
0-0: SINGLE (Groundball, 56D, EV 94.4 MPH)
|
|
Batting: RHB Ike Trout
|
0-0: Called Strike 0-1: Ground out 4-3 (Groundball, 34, EV 110.0 MPH)
|
| Top of the 6th over - 0 runs, 1 hit, 0 errors, 1 left on base; Atlanta 1 - San Francisco 7 |
| BOTTOM OF THE 6TH |
|
San Francisco Giants batting - Pitching for Atlanta Braves : RHP Tim Kull
|
|
Batting: RHB Nate Hodson
|
0-0: Ball 1-0: SINGLE (Line Drive, 4D, EV 96.2 MPH)
|
|
Batting: RHB Bill Defazio
|
0-0: Foul Ball, location: 2F 0-1: Swinging Strike 0-2: Strikes out looking
|
|
Batting: RHB Cesar Martinez
|
0-0: Ball 1-0: Foul Ball, location: 2F 1-1: Ball 2-1: Fielders Choice at 2nd, 3-6 (Groundball, 34S, EV 86.2 MPH)
|
|
Batting: RHB Nick Rigden
|
0-0: Ball 1-0: Ball Wild Pitch! Cesar Martinez to second 2-0: Ground out 5-3 (Groundball, 56S, EV 79.4 MPH)
|
| Bottom of the 6th over - 0 runs, 1 hit, 0 errors, 1 left on base; Atlanta 1 - San Francisco 7 |
| TOP OF THE 7TH |
|
Atlanta Braves batting - Pitching for San Francisco Giants : RHP Keith Kidd
|
|
Batting: LHB Luis Magdaleno
|
0-0: Ball 1-0: Foul Ball, location: 2F 1-1: Swinging Strike 1-2: Ball 2-2: Foul Ball, location: 2F 2-2: SINGLE (Groundball, 25, EV 74.4 MPH) (infield hit)
|
|
Batting: RHB J.J. Powers
|
0-0: Called Strike 0-1: Swinging Strike 0-2: Strikes out swinging
|
|
Batting: RHB Xavier Davis
|
0-0: Ball 1-0: Fly out, F7 (Flyball, 78D, EV 91.2 MPH)
|
|
Batting: RHB Tade Post
|
0-0: Ground out U3 (Groundball, 3, EV 86.2 MPH)
|
| Top of the 7th over - 0 runs, 1 hit, 0 errors, 1 left on base; Atlanta 1 - San Francisco 7 |
| BOTTOM OF THE 7TH |
|
San Francisco Giants batting - Pitching for Atlanta Braves : RHP Tim Kull
|
|
Batting: SHB Ryan Doss
|
0-0: Called Strike 0-1: Ball 1-1: Foul Ball, location: 2F 1-2: Foul Ball, location: 2F 1-2: Ball 2-2: Fly out, F8 (Line Drive, 8RM, EV 91.2 MPH)
|
|
Batting: RHB Sean Zielinski
|
0-0: Ball 1-0: Called Strike 1-1: Ball 2-1: Ball 3-1: Foul Ball, location: 2F 3-2: Foul Ball, location: 2F 3-2: Strikes out swinging
|
|
Batting: LHB Jack Henningar
|
0-0: Ground out 4-3 (Groundball, 34, EV 81.9 MPH)
|
| Bottom of the 7th over - 0 runs, 0 hits, 0 errors, 0 left on base; Atlanta 1 - San Francisco 7 |
| TOP OF THE 8TH |
|
Atlanta Braves batting - Pitching for San Francisco Giants : RHP Keith Kidd
|
|
Batting: RHB Liangde Li
|
0-0: Swinging Strike 0-1: Foul Ball, location: 2F 0-2: Ball 1-2: Strikes out swinging
|
|
Batting: RHB Kevin Howard
|
0-0: Ground out 5-3 (Groundball, 56, EV 86.9 MPH)
|
|
Batting: RHB David Casas
|
0-0: Ball 1-0: Called Strike 1-1: Foul Ball, location: 2F 1-2: Ball 2-2: Ball 3-2: Fly out, F8 (Flyball, 89M, EV 90.6 MPH)
|
| Top of the 8th over - 0 runs, 0 hits, 0 errors, 0 left on base; Atlanta 1 - San Francisco 7 |
| BOTTOM OF THE 8TH |
|
San Francisco Giants batting - Pitching for Atlanta Braves : RHP Tim Kull
|
|
Batting: LHB Carey Horncole
|
0-0: Ball 1-0: SOLO HOME RUN (Flyball, 89XD, EV 108.8 MPH), Distance : 431 ft
|
|
Batting: SHB Bill Dooms
|
0-0: Ground out 5-3 (Groundball, 56, EV 85.0 MPH)
|
|
Pitching: RHP Kevin Cushman
|
|
|
Batting: RHB Nate Hodson
|
0-0: Ball 1-0: Ground out 6-3 (Groundball, 56, EV 88.1 MPH)
|
|
Batting: RHB Bill Defazio
|
0-0: Ball 1-0: Ball 2-0: Ball 3-0: Called Strike 3-1: Foul Ball, location: 2F 3-2: Strikes out swinging
|
| Bottom of the 8th over - 1 run, 1 hit, 0 errors, 0 left on base; Atlanta 1 - San Francisco 8 |
| TOP OF THE 9TH |
|
Atlanta Braves batting - Pitching for San Francisco Giants : RHP Keith Kidd
|
|
Batting: LHB Erik Gretzky
|
0-0: Ball 1-0: Ball 2-0: Ground out 4-3 (Groundball, 4, EV 86.9 MPH)
|
|
Batting: RHB Ike Trout
|
0-0: Called Strike 0-1: Ball 1-1: Ball 2-1: Fly out, F4 (Popup, 3D, EV 58.1 MPH)
|
|
Pitching: RHP Tim Welshman
|
|
|
Batting: LHB Luis Magdaleno
|
0-0: Ball 1-0: Fly out, F7 (Flyball, 78M, EV 83.8 MPH)
|
| Top of the 9th over - 0 runs, 0 hits, 0 errors, 0 left on base; Atlanta 1 - San Francisco 8 |
|